 Dungeon Crawl Stone Soup version 0.27-a0-1065-ge809cff456 (webtiles) character file.

Game seed: 13455240407984387533

38 snetch the Magician (level 3, -4/25 HPs)
             Began as a Djinni Hedge Wizard on Apr 23, 2021.
             Was a Follower of Dithmenos.
             Killed from afar by an orc wizard (5 damage)
             ... with a magic dart
             ... on level 3 of the Dungeon.
             The game lasted 00:04:37 (1875 turns).

snetch the Magician (Djinni Hedge Wizard)           Turns: 1875, Time: 00:04:38

Health: -4/25      AC:  2    Str: 15    XL:     3   Next: 43%
Gold:   60         EV: 12    Int: 16    God:    Dithmenos [*.....] SH:  0 Dex: 12

rFire    + + .     SeeInvis .   a - +0 dagger
rCold    x . .     Faith    .   (no shield)
rNeg     . . .     Spirit   .   b - +0 robe
rPois    ∞         Reflect  .   c - +0 hat
rElec    .         Harm     .   (no cloak)
rCorr    .         Rampage  .   (no gloves)
Will     .....                  (boots unavailable)
Stlth    +.........             (no amulet)
HPRegen  0.08/turn              g - +6 ring of strength
MPRegen  0.00/turn              (no ring)

@: confused, flying, wreathed by umbra
A: fire resistance 2, cold vulnerability 1, float, innate caster, hp casting,
extra vitality 1
a: Renounce Religion


You were on level 3 of the Dungeon.
You worshipped Dithmenos.
Dithmenos was aware of your devotion.
You visited 1 branch of the dungeon, and saw 3 of its levels.

You collected 60 gold pieces.

Inventory:

Hand Weapons
 a - a +0 dagger (weapon)
Missiles
 d - 16 bolts
 i - 16 stones
Armour
 b - a +0 robe (worn)
 c - a +0 hat (worn)
Jewellery
 g - a +6 ring of strength (left hand)
Scrolls
 f - a scroll of amnesia {unknown}
 h - a scroll of identify {unknown}
Potions
 e - a potion of curing {unknown}


   Skills:
 + Level 2.5 Dodging
 + Level 1.8 Stealth
 + Level 3.5 Spellcasting


You couldn't memorise any spells.
You knew the following spells:

 Your Spells              Type           Power      Damage    Failure   Level
a - Magic Dart            Conj           56%        1d5       4%          1
b - Blink                 Tloc           N/A        N/A       6%          2
c - Call Imp              Summ           14%        N/A       6%          2
d - Slow                  Hex            14%        N/A       6%          2
e - Conjure Flame         Conj/Fire      14%        6-21      12%         3
f - Mephitic Cloud        Conj/Pois/Air  14%        N/A       12%         3
g - Shock                 Conj/Air       56%        1d6       4%          1
Your spell library was empty.

Dungeon Overview and Level Annotations

Branches:
Dungeon (3/15)

Altars:
Dithmenos

Annotations:
D:1 equipment behind rock glass


Innate Abilities, Weirdness & Mutations

You are immune to poison.
Your flesh is very heat resistant. (rF++)
You are vulnerable to cold. (rC-)
You float through the air rather than walking.
You learn spells naturally, not from books.
Your magical power is your life essence.
You have superior vitality. (+4 HP)


Message History

Aim: an orc, wielding a +0 trident (ally target, 100% to hit)
The magic dart hits the orc.
The orc is heavily wounded.
* * * LOW HITPOINT WARNING * * *
The orc wizard casts a spell at you.
You are confused.
Your white imp closely misses the orc.
You're too confused to cast spells.
The orc wizard casts a spell at you. The puff of flame hits you. You resist.
* * * LOW HITPOINT WARNING * * *
Your white imp hits the orc.
Your white imp freezes the orc.
The orc dies!
Dithmenos accepts your kill. What are your orders? t - Shout!
Anything else - Cancel.
Okay, then.
Your white imp hits the orc wizard.
Your white imp freezes the orc wizard.
Your crimson imp hits the orc wizard but does no damage.
Your magical contamination has completely faded away.
Unknown command.
The orc wizard points at you and mumbles some strange words.
You are more confused.
Your white imp closely misses the orc wizard.
Your crimson imp hits the orc wizard.
Unknown command.
Your crimson imp blinks!
Unknown command.
The orc wizard barely misses you.
Your white imp misses the orc wizard.
Your crimson imp blinks!
Unknown command.
The orc wizard hits you with a +0 dagger.
* * * LOW HITPOINT WARNING * * *
Your white imp closely misses the orc wizard.
Unknown command.
Are you sure you want to stumble around while confused and next to your crimson imp?
Okay, then.
The orc wizard gestures at you while chanting.
The magic dart hits you.
You die...

##+## ##.5.##
##..@o.##
#....5..#
#..........#
.......=....+
.#..§.......#
#.#.......##
#.##.....## #
.......
#.##+###


You could see an orc wizard (ally target), a friendly crimson imp (summoned) and
a friendly white imp (summoned).

Vanquished Creatures
  An adder (D:2)
  3 orcs (D:2)
  3 goblins (D:1)
  2 jackals (D:1)
  3 quokkas
  A ball python (D:1)
  5 bats
  4 kobolds (D:1)
  4 rats (D:1)
26 creatures vanquished.

Vanquished Creatures (collateral kills)
  An orc (D:3)
1 creature vanquished.

Grand Total: 27 creatures vanquished

Notes
Turn   | Place    | Note
-------+----------+-------------------------------------------
     0 | D:1      | snetch the Djinni Hedge Wizard began the quest for the Orb.
     0 | D:1      | Reached XP level 1. HP: 15/15 MP: 0/0
   517 | D:1      | Reached skill level 3 in Spellcasting
   517 | D:1      | Reached XP level 2. HP: 15/21 MP: 0/0
   950 | D:2      | Reached XP level 3. HP: 13/25 MP: 0/0
   950 | D:2      | Learned a level 1 spell: Shock
  1302 | D:1      | Found a faded altar of an unknown god.
  1307 | D:1      | Became a worshipper of Dithmenos the Shadowed
  1307 | D:1      | Reached * piety under Dithmenos
  1874 | D:3      | HP: 1/25 [orc wizard/+0 dagger (3)]
  1875 | D:3      | Killed from afar by an orc wizard

Illustrated notes

Levels and vault maps discovered:
D:1:      ncdulo_lavacross, layout_rooms, ebering_ecumenical_altar_hall,
          serial_glass, glass_columns_c, glass_columns_a, feat_on_display,
          item_on_display_a, due_unseen_surprise
D:2:      layout_basic, minmay_joined_circles
D:3:      layout_loops_corners, patterned_corridor

Skill      XL: |  1 |
---------------+----+-----
Spellcasting   | 3 |  3.5
Dodging        | |  2.5
Stealth        | |  1.8

Action                   || total
-------------------------++-------
 Cast: Magic Dart        ||    60
       Call Imp          ||     7
Armor: Robe              ||     1
Dodge: Dodged            ||    26

Table legend: (Time is in decaauts)
 A = Elapsed time spent in this place.
 B = Non-inter-level travel time spent in this place.
 C = Inter-level travel time spent in this place.
 D = Time resting spent in this place.
 E = Time spent auto-exploring this place.
 F = Levels seen in this place.
 G = Mean time per level.
                   A        B        C        D        E       F      G
               +--------+--------+--------+--------+--------+-----+--------+
         Total |   1881 |   1869 |     12 |    613 |   1033 |   3 |  627.0 |
       Dungeon |   1881 |   1869 |     12 |    613 |   1033 |   3 |  627.0 |
               +--------+--------+--------+--------+--------+-----+--------+

Top non-repeatable levels by time:
     D:1: 1322 daAuts
     D:2: 539 daAuts
     D:3: 19 daAuts
